 Dungeon Crawl Stone Soup version 0.30-a0-586-g23e55c9e0a (console) character file.

Game seed: 8537076955803408531

0 petzl the Sneak (level 1, -6/17 (18) HPs)
             Began as a Formicid Delver on Jan 3, 2023.
             Hit by a large rock thrown by a cyclops (23 damage)
             ... on level 15 of the Dungeon.
             The game lasted 00:10:25 (1137 turns).

petzl the Sneak (Formicid Delver)                   Turns: 1137, Time: 00:10:26

HP:   -6/17 (18)    AC: 12    Str: 16    XL:     1   Next: 0%
MP:   1/1           EV: 11    Int:  9    God:
Gold: 64            SH:  0    Dex: 15    Spells: 0/0 levels left

rFire   . . .      SeeInvis +    r - +0 rapier
rCold   + . .      Faith    .    (no shield)
rNeg    . . .      Spirit   .    q - +4 ring mail {rC+}
rPois   .          Reflect  .    (helmet unavailable)
rElec   .          Harm     .    o - +0 cloak {Will+}
rCorr   .          Rampage  .    t - +0 pair of gloves
Will    +....                    A - +0 pair of boots
Stlth   +++                      (no amulet)
HPRegen 0.22/turn                (no ring)
MPRegen 0.07/turn                (no ring)

@: marked, drained
A: permanent stasis, dig shafts and tunnels, antennae 3, four strong arms
a: Dig, Shaft Self


You were on level 15 of the Dungeon.
You visited 1 branch of the dungeon, and saw 11 of its levels.

You collected 64 gold pieces.

Inventory:

Hand Weapons
 a - a +0 mace
 k - a +0 flail
 n - a +0 hand axe {!f =f}
 r - a +0 rapier (weapon)
 v - a +0 arbalest
Missiles
 y - 8 stones
 z - 3 curare-tipped darts
Armour
 b - a +0 leather armour
 o - a +0 cloak of willpower (worn)
 q - a +4 ring mail of cold resistance (worn)
 t - a +0 pair of gloves (worn)
 A - a +0 pair of boots (worn)
Magical Staves
 s - a staff of fire
Wands
 g - a wand of digging (3)
 m - a wand of acid (6)
Scrolls
 c - a scroll of fog
 d - a scroll of magic mapping
 e - a scroll of fear
 l - 2 scrolls of enchant weapon {unknown}
 p - a scroll of summoning {unknown}
 u - 2 scrolls of identify {unknown}
 w - a scroll of vulnerability {unknown}
 x - a scroll of poison {unknown}
Potions
 f - a potion of haste
 h - 2 potions of magic {unknown}
 i - 2 potions of curing {unknown}
 j - a potion of flight {unknown}
 B - a potion of resistance {unknown}
 C - 2 potions of attraction {unknown}


   Skills:
 - Level 3.2 Fighting
 - Level 2.0 Maces & Flails
 - Level 1.7 Dodging
 - Level 6.0 Stealth
 + Level 0.0 Spellcasting


You couldn't memorise any spells.
You didn't know any spells.
Your spell library contained the following spells:

 Spells                   Type           Power      Damage    Failure   Level
 Magic Dart               Conj           0%         1d3       61%         1
 Searing Ray              Conj           0%         2d4       75%         2
 Fulminant Prism          Conj/Hex       0%         3d5       100%        4


Dungeon Overview and Level Annotations

Branches:
Dungeon (15/15)            Vaults (0/5) D:13
 Temple: D:4-7         Lair: D:8-11         Orc: D:9-12      Depths: D:15

Altars:
Xom

Annotations:
D:11 exclusion: downstairs
D:12 exclusions: 2 downstairs, manticore and 2 trolls
D:13 exclusions: 2 downstairs and upstairs
D:14 exclusion: downstairs


Innate Abilities, Weirdness & Mutations

You cannot be hasted, slowed, berserked, paralysed or teleported.
You can dig through walls and to a lower floor.
You have a pair of large antennae on your head. (SInv)
Your four strong arms can wield two-handed weapons with a shield.


Message History

HP restored.
There is a stone staircase leading down here.
You climb downwards.
Found 2 silvery potions, a scroll labelled UHUMACIMNO and 5 stones.
Found two stone staircases leading down.
There is a stone staircase leading up here.
C - 2 silvery potions
u - 2 scrolls labelled UHUMACIMNO (gained 1)
There is a stone staircase leading down here.
You climb downwards.
Beware, you cannot shaft yourself on this level.
A sourceless malevolence fills the Dungeon...
With a horrendous wail, an alarm goes off!
A sentinel's mark forms upon you.
The cyan ugly thing gurgles horribly! x2; You hear a shout!
You hear a horrible gurgling sound!
You hear a shout! x3
Found 18 gold pieces.
Found an escape hatch in the ceiling.
There is a stone staircase leading up here.
Unknown command.
Unknown command.
You climb upwards.
There is a stone staircase leading down here.
Press: ? - help, v - describe, . - travel A stone staircase leading down.
Placed new exclusion.
Reduced exclusion size to a single square.
Unknown command.
There is a stone staircase leading down here.
You climb downwards.
Beware, you cannot shaft yourself on this level.
There is a stone staircase leading up here.
There is a stone staircase leading up here.
A cyclops comes into view.
The cyclops throws a large rock.
The large rock misses you.
The cyclops throws a large rock.
The large rock barely misses you.
There is a stone staircase leading up here.
The boulder beetle curls into a ball and begins rolling!
The cyan ugly thing misses you.
The cyclops throws a large rock.
The large rock hits you!!
Ouch! That really hurt!
You die...

#.........
#.........
........#
.......# #..C..#
#.....# #.....#
######.....#
#..........####
#...............
#......#######..
#....@.# #....u.#
#....u.# #......#
#....u.# #......#
#......# #.....B.
########.........
#.......u.
#.........
#.........
#....u..u.
#<........
#.......#
#.<.....+
#.......#
#.......#
#.......#


You could see a boulder beetle (rolling), 3 ugly things and a cyclops.

Vanquished Creatures (others)
  8 fungi (D:8)
  19 plants (D:8)
27 creatures vanquished.

Notes
Turn   | Place    | Note
-------+----------+-------------------------------------------
     0 | D:5      | petzl the Formicid Delver began the quest for the Orb.
     0 | D:5      | Reached XP level 1. HP: 18/18 MP: 1/1
     4 | D:5      | Noticed a water moccasin
     9 | D:5      | You fall into a shaft and drop 2 floors!
    87 | D:7      | Noticed an iguana
    87 | D:7      | Noticed an orc warrior
    96 | D:6      | Noticed an iguana
   106 | D:6      | Noticed an orc wizard
   107 | D:6      | Noticed a water moccasin
   107 | D:6      | Noticed a hound
   107 | D:6      | Noticed a black bear
   142 | D:5      | Noticed a howler monkey
   155 | D:5      | Noticed a phantom
   163 | D:5      | Noticed a hound
   165 | D:5      | Noticed a jelly
   170 | D:5      | You fall into a shaft and drop 3 floors!
   186 | D:8      | Noticed a black bear
   235 | D:10     | Entered Level 10 of the Dungeon
   255 | D:9      | Noticed an orc wizard
   266 | D:9      | Noticed a vampire
   288 | D:9      | You fall into a shaft and drop 3 floors!
   308 | D:13     | Noticed a meliai
   308 | D:13     | Noticed a meliai
   308 | D:13     | Noticed a meliai
   321 | D:12     | Noticed a troll
   386 | D:12     | Noticed a troll
   500 | D:12     | Noticed a manticore
   533 | D:14     | Noticed a catoblepas
   533 | D:14     | Found a shimmering altar of Xom.
   535 | D:13     | Noticed a slime creature
   544 | D:11     | Noticed an orc wizard
   544 | D:11     | Noticed an orc wizard
   552 | D:11     | You fall into a shaft and drop 2 floors!
   647 | D:13     | Noticed a slime creature
   685 | D:12     | Noticed a howler monkey
   685 | D:12     | Noticed a howler monkey
   685 | D:12     | Noticed a deep elf pyromancer
   685 | D:12     | Noticed a vampire mosquito
   685 | D:12     | Noticed a cyclops
   777 | D:13     | Found a gate to the Vaults.
   777 | D:13     | Noticed a vault guard
   777 | D:13     | Noticed a vault guard
   777 | D:13     | Noticed a vault guard
   777 | D:13     | Noticed a vault guard
   777 | D:13     | Noticed a vault guard
   785 | D:13     | Identified the +9 rapier "Fuyhofeick" {vamp, +Blink rPois
                  | rF++}
   785 | D:13     | Noticed a vault guard
   862 | D:12     | Noticed a catoblepas
   932 | D:12     | Noticed a vampire mosquito
   932 | D:12     | Noticed a vampire mosquito
   935 | D:12     | Noticed a vampire mosquito
   938 | D:12     | You fall into a shaft and drop 2 floors!
  1006 | D:14     | Noticed a gargoyle
  1063 | D:14     | Noticed a water elemental
  1113 | D:15     | Entered Level 15 of the Dungeon
  1113 | D:15     | Noticed a cyan ugly thing
  1113 | D:15     | Noticed a cyan ugly thing
  1113 | D:15     | Noticed a cyan ugly thing
  1113 | D:15     | Noticed a boulder beetle
  1130 | D:15     | Noticed a cyclops
  1137 | D:15     | Hit by a large rock thrown by a cyclops

Illustrated notes

Levels and vault maps discovered:
D:5:      layout_rooms, mainiacjoe_overflow_two_lobes,
          nicolae_ossuary_entry_giza
D:6:      layout_loops_cross, mainiacjoe_overflow_chevrons,
          hellmonk_ghost_happy_afterlife, minivault_23, st_stairs_10,
          roderic_roman_lattice, minmay_manual_mess
D:7:      layout_cave_pods, yredelemnul_altar_generic, temple_green,
          enter_bailey_3
D:8:      layout_rooms, mainiacjoe_overflow_boulevard,
          grunt_lair_entry_orc_guard_hut
D:9:      layout_long_grid, mainiacjoe_overflow_surrounded_room
D:10:     layout_loops_corners, serial_ice, serial_ice_g, serial_ice_m,
          serial_ice_h, serial_ice_b, minmay_ruined_shrine, uniq_nergalle
D:11:     layout_cave_pools, minmay_orc_entry_temple_small
D:12:     layout_gridville
D:13:     layout_rooms, erik_vaults_2, lightli_elemental_guards
D:14:     layout_roguey, xom_teletrap_fun, serial_shops, shop,
          serial_bayou_lake_a
D:15:     grunt_enter_depths_giant_problem, layout_irregular_city, minmay_puff

Action                   || total
-------------------------++-------
Melee: Rapier            ||     1
 Abil: Shaft Self        ||     5
       Dig               ||     2
Armor: Ring mail         ||     3
       Leather armour    ||     2
Dodge: Dodged            ||    15

Table legend: (Time is in decaauts)
 A = Elapsed time spent in this place.
 B = Non-inter-level travel time spent in this place.
 C = Inter-level travel time spent in this place.
 D = Time resting spent in this place.
 E = Time spent auto-exploring this place.
 F = Levels seen in this place.
 G = Mean time per level.
                   A        B        C        D        E       F      G
               +--------+--------+--------+--------+--------+-----+--------+
         Total |   1135 |   1090 |     45 |     74 |     67 |  11 |  103.2 |
       Dungeon |   1135 |   1090 |     45 |     74 |     67 |  11 |  103.2 |
               +--------+--------+--------+--------+--------+-----+--------+

Top non-repeatable levels by time:
    D:12: 376 daAuts
    D:13: 257 daAuts
    D:14: 177 daAuts
     D:7: 88 daAuts
     D:5: 66 daAuts
     D:9: 65 daAuts
     D:8: 48 daAuts
    D:11: 21 daAuts
     D:6: 15 daAuts
    D:15: 15 daAuts
    D:10: 1 daAuts
